 Dungeon Crawl Stone Soup version 0.31-a0-1620-gcbf77bbcfc (webtiles) character file.

Game seed: 3026786868544237930

68 Ge0ff the Changeling (level 4, -1/33 HPs)
             Began as a Merfolk Shapeshifter on Jan 10, 2024.
             Was an Initiate of Gozag.
             Slain by Sigmund
             ... wielding a +1 scythe of venom
              (9 damage)
             ... on level 3 of the Dungeon.
             The game lasted 00:03:19 (2149 turns).

Ge0ff the Changeling (Merfolk Shapeshifter)         Turns: 2149, Time: 00:03:20

Health: -1/33      AC:  8    Str: 16    XL:     4   Next: 19%
Magic:  4/4        EV:  8    Int:  9    God:    Gozag
Gold:   160        SH:  0    Dex: 13    Spells: 3/3 levels left

rFire   . .          .
                       - Unarmed
rCold   . . .        (no shield)
rNeg    . . .        T - +0 chain mail
rPois   .            (helmet currently unavailable)
rElec   .            (cloak currently unavailable)
rCorr   .            (gloves currently unavailable)
SInv    .            R - melded +0 pair of boots
Will    +....        (no amulet) Stlth
                     (no ring)
HPRegen 0.25/turn    (no ring)
MPRegen 0.09/turn

%: no passive effects
@: beast-form, enlightened, flying
A: beast (slay +2), (nimble swimmer 2), mertail
a: Begin Untransformation, Renounce Religion, Potion Petition, Call Merchant,
Bribe Branch


You were on level 3 of the Dungeon.
You worshipped Gozag.
Gozag was aware of your devotion.
You were a hulking beast.
You visited 1 branch of the dungeon, and saw 3 of its levels.

You collected 198 gold pieces.
You paid 38 gold pieces to Gozag.

Inventory:

Missiles
 P - 28 stones (quivered)
 Y - 2 poisoned darts
Armour
 R - a +0 pair of boots (melded)
 T - a +0 chain mail (worn)
Talismans
 c - a beast talisman (active)
 d - a flux talisman
Scrolls
 B - 3 scrolls of blinking
 K - a scroll of fog {unknown}
 M - a scroll of identify {unknown}
 O - 4 scrolls of teleportation {unknown}
 Q - a scroll of brand weapon {unknown}
 S - a scroll of amnesia {unknown}
 U - a scroll of noise {unknown}
 Z - 2 scrolls of vulnerability {unknown}
Potions
 A - 2 potions of attraction
 L - a potion of lignification
 N - a potion of cancellation {!q}
 X - a potion of enlightenment


   Skills:
 + Level 2.1 Fighting
 - Level 3.0 Dodging
 - Level 2.0 Stealth
 + Level 3.9 Unarmed Combat
 + Level 4.5 Shapeshifting


You had 3 spell levels left.
You didn't know any spells.
Your spell library was empty.

Dungeon Overview and Level Annotations

Branches:
Dungeon (3/15) Zot: 15858

Altars:
Gozag
Wu Jian
Zin

Annotations:
D:3 Sigmund


Innate Abilities, Weirdness & Mutations

You are a hulking beast.
Your limbs bulge with bestial killing power. (Slay +2)
((You are very nimble when in or above water. (Stealth+, EV+, Speed+++)))
Your lower body shifts to a powerful aquatic tail in water.


Message History

Sigmund the Dreaded comes into view.
He is wielding a +1 scythe of venom.
Sigmund shouts!
Sigmund says, "You will soon forget everything."
Sigmund points at you and mumbles some strange words.
The puff of flame hits you! Sigmund casts a spell at you.
You are confused.
Sigmund hits you but does no damage.
You are poisoned.
You closely miss Sigmund.
You feel sick.
Sigmund hits you with a +1 scythe of venom!
You are lethally poisoned!
It was a potion of attraction.
You feel attractive to monsters.
A - 2 potions of attraction You feel very sick.
It was a potion of curing.
You feel better.
q - a potion of curing Sigmund hits you with a +1 scythe of venom.
You hit Sigmund. You punch Sigmund!
Sigmund is moderately wounded.
Sigmund hits you but does no damage.
You closely miss Sigmund.
Sigmund is moderately wounded.
You hit Sigmund.
Sigmund is moderately wounded.
Sigmund casts a spell at you. The puff of flame hits you.
You hit Sigmund.
Sigmund is heavily wounded.
Sigmund mumbles some strange words.
Sigmund flickers and vanishes!
Deactivating autopickup; reactivate with Ctrl-A.
You barely miss something. Something hits you.
You are poisoned.
It was a potion of cancellation.
Your magical effects are unravelling.
You feel magically purged.
N - a potion of cancellation;
Q - a scroll labelled QEFAPR BOM FUN You feel sick.
You feel less attractive to monsters.
It was a potion of enlightenment.
You feel very buoyant.
You fly up into the air.
X - a potion of enlightenment;
S - a scroll labelled REARHA EGROWN You feel sick.
Something hits you.
* * * LOW HITPOINT WARNING * * *
You are more poisoned.
You feel better. Something hits you!
You die...
Your body crumbles into a pile of gold.

#.......##...#
#.......##.#.#
##.........#.#
#...........####
###..............####
#....####..#.........
#.########.##........
#####...........#######
#....{h................
#############....######
##...####.. #.........
#...###### #...# #...#
#####


There were no monsters in sight!

Vanquished Creatures
  An adder (D:2)
  A dart slug (D:1)
  4 orcs (D:3)
  5 endoplasms
  2 giant cockroaches (D:3)
  5 goblins
  3 hobgoblins
  6 jackals
  A quokka (D:1)
  6 ball pythons
  A bat (D:1)
  3 frilled lizards
  6 kobolds
  4 rats
48 creatures vanquished.

Notes
Turn   | Place    | Note
-------+----------+-------------------------------------------
     0 | D:1      | Ge0ff the Merfolk Shapeshifter began the quest for the Orb.
     0 | D:1      | Reached XP level 1. HP: 15/15 MP: 1/1
   133 | D:1      | Reached XP level 2. HP: 21/21 MP: 2/2
   240 | D:1      | Reached skill level 1 in Stealth
   472 | D:1      | Found a faded altar of an unknown god.
   513 | D:1      | Reached XP level 3. HP: 25/27 MP: 3/3
  1738 | D:3      | Found an ornate altar of the Wu Jian Council.
  1740 | D:3      | Found a glowing silver altar of Zin.
  1754 | D:3      | Found an opulent altar of Gozag.
  1765 | D:3      | Became a worshipper of Gozag Ym Sagoz the Greedy
  1823 | D:3      | Reached XP level 4. HP: 28/33 MP: 4/4
  2134 | D:3      | Noticed Sigmund
  2149 | D:3      | Slain by Sigmund

Illustrated notes

Levels and vault maps discovered:
D:1:      elethiomel_arrival_infinity_welcomes_careful_drivers, layout_basic,
          hellmonk_ecumenical_altar_crossroads, grunt_decor_one_mirror
D:2:      layout_loops_cross, serial_forest, infiniplex_forest_lined_corner,
          infiniplex_forest_end_double, infiniplex_forest_split,
          infiniplex_forest_clump_diagonal, infiniplex_forest_clump_curved
D:3:      layout_rooms, grunt_temple_overflow_open, uniq_sigmund

Skill      XL: |  1  2  3  4 |
---------------+-------------+-----
Dodging        | 3 |  3.0
Stealth        | 1 2 |  2.0
Fighting       | 2 |  2.1
Unarmed Combat | |  3.9
Shapeshifting  | |  4.5

Action                     |  1- 3 |  4- 6 || total
---------------------------+-------+-------++-------
  Melee: Unarmed           |    97 |    21 ||   118
         Punch             |     2 |     2 ||     4
  Throw: Stone             |     1 |     1 ||     2
Ability: Begin Untransform |     1 |       ||     1
    Use: Scroll            |     2 |       ||     2
         Potion            |       |     5 ||     5
 Armour: Animal skin       |    16 |       ||    16
         Chain mail        |    22 |    15 ||    37
  Dodge: Dodged            |    32 |     3 ||    35
   Form: Beast             |     1 |       ||     1

Table legend: (Time is in decaauts)
 A = Elapsed time spent in this place.
 B = Non-inter-level travel time spent in this place.
 C = Inter-level travel time spent in this place.
 D = Time resting spent in this place.
 E = Time spent auto-exploring this place.
 F = Levels seen in this place.
 G = Mean time per level.
                   A        B        C        D        E       F      G
               +--------+--------+--------+--------+--------+-----+--------+
         Total |   2140 |   2093 |     47 |      0 |   1633 |   3 |  713.3 |
       Dungeon |   2140 |   2093 |     47 |      0 |   1633 |   3 |  713.3 |
               +--------+--------+--------+--------+--------+-----+--------+

Top non-repeatable levels by time:
     D:1: 876 daAuts
     D:2: 803 daAuts
     D:3: 460 daAuts
